 Dungeon Crawl Stone Soup version 0.17.1-1-g73c8601 (webtiles) character file.

46 Implojin the Ruffian (level 3, -2/36 HPs)
             Began as a Troll Monk on Apr 8, 2016.
             Slain by an iguana (8 damage)
             ... on level 4 of the Dungeon.
             The game lasted 00:03:21 (711 turns).

Implojin the Ruffian (Troll Monk)                    Turns: 711, Time: 00:03:21

Health: -2/36      AC:  5    Str: 19    XL:     3   Next: 44%
Magic:  2/2        EV: 10    Int:  6    God:
Gold:   42         SH:  0    Dex: 13    Spells: 0 memorised, 2 levels left

rFire  . . .     SeeInvis .       - Unarmed
rCold  . . .     Clarity  .     a - +0 robe
rNeg   . . .     SustAt   .     (no shield)
rPois  .         Gourm    +     (helmet restricted)
rElec  .         Spirit   .     (no cloak)
rCorr  .         Warding  .     (gloves unavailable)
rMut   .         Stasis   .     (boots unavailable)
MR     .....                    (no amulet)
Stlth  +.........               (no ring)
                                (no ring)

@: not resistant to hostile enchantments, very unstealthy
A: unfitting armour, claws 3, fast metabolism 3, gourmand, regeneration 2,
shaggy fur 1, tough skin 2
a: no special abilities


You were on level 4 of the Dungeon.
You were not hungry.

You visited 1 branch of the dungeon, and saw 4 of its levels.

You collected 42 gold pieces.

Inventory:

Armour
 a - a +0 robe (worn)
Scrolls
 c - a scroll of enchant armour {unknown}
 e - a scroll of magic mapping {unknown}
 f - 2 scrolls of noise {unknown}
 i - a scroll of random uselessness {unknown}
 l - a scroll of blinking {unknown}
Potions
 d - a potion of curing {unknown}
 g - a potion of heal wounds {unknown}
 h - 2 potions of poison {unknown}
 j - a potion of agility {unknown}
Comestibles
 b - 3 bread rations
 k - 3 fruits


   Skills:
 - Level 2.4 Fighting
 - Level 2.4 Dodging
 - Level 1.1 Stealth
 * Level 5.2 Unarmed Combat


You had 2 spell levels left.
You didn't know any spells.

Dungeon Overview and Level Annotations

Branches:
Dungeon (4/15)
 Temple: D:4-7

Altars:


Innate Abilities, Weirdness & Mutations

You are too large for most types of armour.
You have claws for hands.
Your metabolism is lightning-fast.
You like to eat raw meat.
You heal very quickly.
You are covered in fur (AC +1).
You have very tough skin (AC +2).


Message History

There is a stone staircase leading down here.
You climb downwards.
There is a stone staircase leading up here.
You open the door.
There is an open door here.
There is an open door here.
Found a scroll labeled HANOUPLONNIR.
l - a scroll labeled HANOUPLONNIR A phantom comes into view.
The phantom blinks!
The phantom blinks!
You claw the phantom!
The phantom is heavily damaged.
The phantom hits you.
The phantom blinks!
An iguana comes into view.
The phantom blinks!
The iguana hisses angrily.
The iguana bites you!
You scratch the iguana.
The iguana is moderately wounded.
The iguana misses you.
You barely miss the iguana. Your claw misses the iguana.
The iguana is moderately wounded.
The iguana bites you!
You barely miss the iguana.
The iguana is moderately wounded.
The iguana bites you!
* * * LOW HITPOINT WARNING * * *
You barely miss the iguana.
The iguana is moderately wounded.
You scratch the iguana but do no damage.
The iguana is moderately wounded.
The iguana bites you.
* * * LOW HITPOINT WARNING * * *
Drink which item? (? for menu, Esc to quit)
Okay, then.
You claw the iguana!
The iguana is almost dead.
The iguana bites you!
You die...

# ###..####..###...
#...###..####### ...
#...........# ..
+...........+
#...........#
##############+###+####.
........................
.................l......
............W...@.......
........................
........................
......##################
......# ......# ......#
......# #######


You could see a phantom and an iguana.

Vanquished Creatures
  2 adders (D:3)
  2 bats (D:2)
  2 giant cockroaches
  5 hobgoblins
  3 kobolds
  2 giant geckos (D:3)
  7 goblins
  A quokka (D:3)
  2 rats
  A plant (D:2)
27 creatures vanquished.

Notes
Turn   | Place    | Note
--------------------------------------------------------------
     0 | D:1      | Implojin the Troll Monk began the quest for the Orb.
     0 | D:1      | Reached XP level 1. HP: 22/22 MP: 0/0
   144 | D:2      | Reached XP level 2. HP: 29/29 MP: 1/1
   392 | D:3      | Found a faded altar to an unknown god.
   411 | D:3      | Reached skill level 5 in Unarmed Combat
   411 | D:3      | Reached XP level 3. HP: 36/36 MP: 2/2
   685 | D:4      | Noticed a phantom
   711 | D:4      | Slain by an iguana

Action                   || total
-------------------------++-------
Melee: Unarmed           ||    84
 Stab: Sleeping          ||     2
  Eat: Chunk             ||     6

Table legend:
 A = Turns spent in this place as a percentage of turns spent in the entire game.
 B = Non-inter-level travel turns spent in this place as a percentage of non-inter-level travel turns spent in the entire game.
 C = Inter-level travel turns spent in this place as a percentage of turns spent in this place.
 D = Turns resting spent in this place as a percentage of non-inter-level travel turns spent in this place.
 E = Turns spent auto-exploring this place as a percentage of non-inter-level travel turns spent in this place.
 F = Non-inter-level travel turns spent in this place divided by the number of levels of this place that you've seen.
                   A       B       C       D       E      F
               +-------+-------+-------+-------+-------+----------------------
         Total | 100.0 | 100.0 |   0.0 |   0.0 |   0.0 | 167.8
       Dungeon | 100.0 | 100.0 |   0.0 |   0.0 |   0.0 | 167.8
               +-------+-------+-------+-------+-------+----------------------

Table legend:
 A = Kills in this place as a percentage of kills in entire the game.
 B = Kills by you in this place as a percentage of kills by you in the entire game.
 C = Kills by friends in this place as a percentage of kills by friends in the entire game.
 D = Other kills in this place as a percentage of other kills in the entire game.
 E = Experience gained in this place as a percentage of experience gained in the entire game.
 F = Experience gained in this place divided by the number of levels of this place that you have seen.
                   A       B       C       D       E      F
               +-------+-------+-------+-------+-------+----------------------
         Total | 100.0 | 100.0 |  -nan |  -nan | 100.0 |  16.5
       Dungeon | 100.0 | 100.0 |  -nan |  -nan | 100.0 |  16.5
               +-------+-------+-------+-------+-------+----------------------
